 Dungeon Crawl Stone Soup version 0.31-a0-1338-gb567cfdca4 (webtiles) character file.

Game seed: 6271527529625991029

2240 gelatine the Skirmisher (level 9, -1/66 HPs)
             Began as a Demonspawn Hunter on Dec 22, 2023.
             Was an Initiate of Makhleb.
             Slain by a two-headed ogre
             ... wielding a +0 giant club
              (20 damage)
             ... on level 6 of the Dungeon.
             The game lasted 00:19:12 (6128 turns).

gelatine the Skirmisher (Demonspawn Hunter)         Turns: 6128, Time: 00:19:13

Health: -1/66      AC: 14    Str: 12    XL:     9   Next: 14%
Magic:  13/13      EV: 13    Int:  9    God:    Makhleb [......]
Gold:   258        SH:  0    Dex: 21    Spells: 13/13 levels left

rFire   . . .        I - +2 sling (flame)
rCold   . . .        (no shield)
rNeg    . . .        c - +0 leather armour
rPois   .            (helmet restricted)
rElec   .            H - +2 cloak
rCorr   .            e - +0 pair of gloves
SInv    .            y - +0 pair of boots
Will    .....        t - amulet of the acrobat
Stlth   +++          q - +4 ring of protection
HPRegen 0.31/turn    (no ring)
MPRegen 0.13/turn

%: acrobat
@: no status effects
A: antennae 1, foul stench 1, weakness stinger 1, demonic touch 2, iridescent
scales 1, noise suppression
a: Renounce Religion


You were on level 6 of the Dungeon.
You worshipped Makhleb.
Makhleb was noncommittal.
You visited 2 branches of the dungeon, and saw 7 of its levels.
You also visited: Sewer and Ossuary.

You collected 258 gold pieces.

Inventory:

Hand Weapons
 a - a +0 shortbow
 f - a +1 whip of electrocution
 p - a +0 sling
 s - a +4 hand axe
 I - a +2 sling of flaming (weapon)
Armour
 c - a +0 leather armour (worn)
 e - a +0 pair of gloves (worn)
 y - a +0 pair of boots (worn)
 H - a +2 cloak (worn)
Jewellery
 q - a +4 ring of protection (left hand)
 t - an amulet of the acrobat (around neck)
Talismans
 o - a maw talisman
Wands
 v - a wand of charming (11)
Scrolls
 b - a scroll of butterflies
 g - 5 scrolls of teleportation
 h - 2 scrolls of blinking
 i - 2 scrolls of noise
 k - a scroll of poison
 m - a scroll of torment
 n - a scroll of immolation
 r - 2 scrolls of fog
 u - 7 scrolls of identify
 z - 2 scrolls of revelation {unknown}
 E - a scroll of silence {unknown}
 F - 2 scrolls of enchant weapon {unknown}
Potions
 d - a potion of berserk rage {unknown}
 j - 4 potions of lignification
 l - a potion of might
 w - 2 potions of heal wounds
 x - 6 potions of curing {unknown}
 A - a potion of haste {unknown}
 B - a potion of mutation
 C - a potion of degeneration {unknown}
 D - a potion of brilliance {unknown}
 G - a potion of invisibility


   Skills:
 * Level 4.4 Fighting
 * Level 8.7 Ranged Weapons
 * Level 2.7 Armour
 * Level 3.6 Dodging
 * Level 3.4 Stealth
 + Level 2.9 Spellcasting
 * Level 1.2 Invocations
 * Level 0.8 Evocations
 + Level 1.9 Shapeshifting


You had 13 spell levels left.
You didn't know any spells.
Your spell library was empty.

Dungeon Overview and Level Annotations

Branches:
Dungeon (6/15)             Temple (1/1) D:5           Sewer (visited)
Ossuary (visited)

Altars:
Ashenzari
Cheibriados
Dithmenos
Fedhas
Gozag
Makhleb
Sif Muna
Trog
Uskayaw
Vehumet
Wu Jian
Xom
Yredelemnul


Innate Abilities, Weirdness & Mutations

You have a pair of small antennae on your head.
You may rarely emit foul miasma when damaged in melee.
You have a small tail.
Your touch may inflict irresistible damage on your foes.
You are partially covered in iridescent scales. (AC +2)
You passively dampen the noise of your surroundings.


Message History

You feel a bit more experienced.
HP restored.
The two-headed ogre shouts in stereo!
You shoot a sling bullet.
The sling bullet hits the two-headed ogre.
The sling bullet burns the two-headed ogre.
The two-headed ogre is lightly wounded.
You shoot a sling bullet.
The sling bullet hits the two-headed ogre!
The sling bullet burns the two-headed ogre.
The two-headed ogre is moderately wounded.
You shoot a sling bullet.
The sling bullet hits the two-headed ogre.
The sling bullet burns the two-headed ogre.
The two-headed ogre is heavily wounded.
You shoot a sling bullet.
The sling bullet hits the two-headed ogre.
The sling bullet burns the two-headed ogre.
The two-headed ogre is heavily wounded.
The two-headed ogre misses you.
The two-headed ogre hits you with a +0 giant spiked club!!
You shoot a sling bullet.
The sling bullet hits the two-headed ogre but does no damage.
The two-headed ogre is heavily wounded.
You shoot a sling bullet.
The sling bullet hits the two-headed ogre.
The sling bullet burns the two-headed ogre.
The two-headed ogre is severely wounded.
The two-headed ogre hits you with a +0 giant club!
The two-headed ogre hits you with a +0 giant spiked club!!
* * * LOW HITPOINT WARNING * * *
Fire: I) +2 sling (flame)
Press: ? - help, Q - select action, (/) - cycle Shift-Dir - straight line, f/p - two-headed ogre
Aim: a two-headed ogre, wielding a +0 giant club and a +0 giant spiked club (severely wounded, 80% to hit)
You shoot a sling bullet.
The sling bullet hits the two-headed ogre.
The sling bullet burns the two-headed ogre.
The two-headed ogre is severely wounded.
The two-headed ogre hits you with a +0 giant club!!
You die...

############
#...<.......
#.O....#.###
#@####...#
#.# #.## #†#
... #.# ###
#.# #.# #.#
..# #.#


You could see a two-headed ogre.

Vanquished Creatures
  Eustachio (D:5)
  A black bear (D:5)
  A sky beast (D:6)
  2 ogres
  A centaur (D:5)
  A phantom (D:5)
  2 brain worms (Sewer)
  12 scorpions
  2 centaur zombies (Ossuary)
  6 human zombies (Ossuary)
  2 jellies
  2 hounds
  A scorpion zombie (Ossuary)
  A sleepcap (D:5)
  2 orc wizards (D:5)
  3 mummies (Ossuary)
  A gnoll (D:1)
  11 adders
  A river rat (Sewer)
  A bombardier beetle (D:5)
  A white imp (D:5)
  2 worms (D:3)
  3 dart slugs
  9 orcs
  9 ball pythons
  2 endoplasms
  5 giant cockroaches (D:4)
  3 gnoll zombies (Ossuary)
  17 goblins
  3 hobgoblins
  8 jackals
  9 kobolds
  2 quokkas
  6 bats
  3 frilled lizards
  3 goblin zombies (Ossuary)
  2 kobold zombies (Ossuary)
  11 rats
152 creatures vanquished.

Vanquished Creatures (others)
  5 dream sheep (D:4)
5 creatures vanquished.

Grand Total: 157 creatures vanquished

Notes
Turn   | Place    | Note
-------+----------+-------------------------------------------
     0 | D:1      | gelatine the Demonspawn Hunter began the quest for the Orb.
     0 | D:1      | Reached XP level 1. HP: 16/16 MP: 1/1
   192 | D:1      | Reached skill level 4 in Ranged Weapons
   206 | D:1      | Discovered your monstrous ancestry.
   206 | D:1      | Gained mutation: Your touch may inflict minor irresistible
                  | damage on your foes. [demonic ancestry]
   206 | D:1      | Reached XP level 2. HP: 22/22 MP: 2/2
   292 | D:1      | You fall into a shaft and drop 1 floor!
   432 | D:1      | Gained mutation: You may rarely emit foul miasma when
                  | damaged in melee. [demonic ancestry]
   432 | D:1      | Reached XP level 3. HP: 27/27 MP: 3/3
   937 | D:2      | Reached skill level 1 in Stealth
  1039 | D:2      | Reached XP level 4. HP: 33/33 MP: 4/4
  1099 | D:2      | Found a shimmering altar of Xom.
  2140 | D:3      | Reached skill level 5 in Ranged Weapons
  2369 | D:3      | Found a glowing drain.
  2379 | Sewer    | Entered a sewer
  2442 | Sewer    | Reached skill level 1 in Spellcasting
  2443 | Sewer    | Gained mutation: You have a pair of small antennae on your
                  | head. [demonic ancestry]
  2443 | Sewer    | Reached XP level 5. HP: 38/38 MP: 6/6
  2637 | Sewer    | Reached skill level 1 in Armour
  2772 | Sewer    | Reached XP level 6. HP: 27/46 MP: 4/7
  2986 | Sewer    | Gained mutation: You are partially covered in iridescent
                  | scales. (AC +2) [potion of mutation]
  2986 | Sewer    | Gained mutation: You passively dampen the noise of your
                  | surroundings. [potion of mutation]
  3369 | D:4      | Reached skill level 6 in Ranged Weapons
  3661 | D:4      | Noticed a dream sheep
  3661 | D:4      | Noticed a dream sheep
  3661 | D:4      | Noticed a dream sheep
  3661 | D:4      | Noticed a dream sheep
  3661 | D:4      | Noticed a dream sheep
  3661 | D:4      | Found a shimmering altar of Xom.
  3664 | D:4      | Killed a dream sheep
  3664 | D:4      | Killed a dream sheep
  3664 | D:4      | Killed a dream sheep
  3664 | D:4      | Killed a dream sheep
  3665 | D:4      | Killed a dream sheep
  3840 | D:4      | Found a shimmering blue altar of Sif Muna.
  3874 | D:4      | Gained mutation: Your touch may inflict irresistible damage
                  | on your foes. [demonic ancestry]
  3874 | D:4      | Reached XP level 7. HP: 52/52 MP: 9/9
  4350 | D:5      | Entered Level 5 of the Dungeon
  4350 | D:5      | Found a staircase to the Ecumenical Temple.
  4511 | D:5      | Found a burning altar of Makhleb.
  4690 | D:5      | Found a sand-covered staircase.
  4699 | Ossuary  | Entered an ossuary
  4726 | Ossuary  | Reached skill level 1 in Shapeshifting
  4756 | Ossuary  | Reached skill level 7 in Ranged Weapons
  4935 | Ossuary  | Reached XP level 8. HP: 35/58 MP: 11/11
  5281 | Ossuary  | Reached skill level 8 in Ranged Weapons
  5608 | Temple   | Entered the Ecumenical Temple
  5617 | D:5      | Noticed Eustachio
  5654 | D:5      | Became a worshipper of Makhleb the Destroyer
  5707 | D:5      | Killed Eustachio
  5802 | D:5      | Gained mutation: You have a small tail. [demonic ancestry]
  5802 | D:5      | Reached XP level 9. HP: 62/65 MP: 13/13
  5886 | D:5      | Reached skill level 1 in Invocations
  5928 | D:5      | Found a snail-covered altar of Cheibriados.
  6107 | D:6      | Noticed a two-headed ogre
  6128 | D:6      | Slain by a two-headed ogre

Illustrated notes

Levels and vault maps discovered:
D:1:      dpeg_arrival_short_road, layout_loops_cross
D:2:      layout_basic, basic_altar, serial_corexii_hall,
          corexii_hall_statues_l, chequers_hall_statues_y
D:3:      layout_basic, cheibrodos_sewer_entry_bend
D:4:      layout_cave_pools, mainiacjoe_overflow_24_doors,
          kb_xom_exploding_sheep, serial_library_hellmonk_long_bookcase,
          hangedman_decor_clover_reticule, grunt_decor_clamped,
          minmay_ogre_servants
D:5:      layout_cave_pools, kennysheep_slug_shrine, old_standard_altar,
          temple_fountains, nicolae_ossuary_entry_monument,
          minmay_misc_feat_ornament, uniq_eustachio
D:6:      layout_loops_ring, amethyst_overflow_temple_binary, minmay_nine_imps,
          uniq_pikel
Temple:   nicolae_temple_two_arcs

Skill      XL: |  1  2  3  4  5  6  7  8  9 |
---------------+----------------------------+-----
Ranged Weapons | 4 5 6 7 8 |  8.7
Dodging        | 2 3 |  3.6
Stealth        | 1 2 3 |  3.4
Spellcasting   | 1 2 |  2.9
Armour         | 1 2 |  2.7
Fighting       | 3 4 |  4.4
Shapeshifting  | 1 |  1.9
Invocations    | 1 |  1.2
Evocations     | |  0.8

Action                     |  1- 3 |  4- 6 |  7- 9 || total
---------------------------+-------+-------+-------++-------
   Fire: Shortbow          |    92 |   212 |   467 ||   771
         Sling             |       |       |    31 ||    31
    Use: Scroll            |       |     8 |     2 ||    10
         Potion            |       |     5 |       ||     5
 Armour: Leather armour    |    32 |    50 |   231 ||   313
  Dodge: Dodged            |    24 |    73 |   270 ||   367

Table legend: (Time is in decaauts)
 A = Elapsed time spent in this place.
 B = Non-inter-level travel time spent in this place.
 C = Inter-level travel time spent in this place.
 D = Time resting spent in this place.
 E = Time spent auto-exploring this place.
 F = Levels seen in this place.
 G = Mean time per level.
                   A        B        C        D        E       F      G
               +--------+--------+--------+--------+--------+-----+--------+
         Total |   6343 |   5869 |    474 |      0 |   4336 |   9 |  704.8 |
       Dungeon |   4633 |   4159 |    474 |      0 |   3228 |   6 |  772.2 |
        Temple |      1 |      1 |      0 |      0 |      0 |   1 |    1.0 |
         Sewer |    813 |    813 |      0 |      0 |    645 |   1 |  813.0 |
       Ossuary |    895 |    895 |      0 |      0 |    463 |   1 |  895.0 |
               +--------+--------+--------+--------+--------+-----+--------+

Top non-repeatable levels by time:
     D:2: 1089 daAuts
     D:3: 981 daAuts
 Ossuary: 895 daAuts
     D:5: 884 daAuts
     D:1: 857 daAuts
   Sewer: 813 daAuts
     D:4: 801 daAuts
     D:6: 21 daAuts
  Temple: 1 daAuts
